 Dungeon Crawl Stone Soup version 0.21-a0-128-gf2b353c (webtiles) character file.

48116 4thArraOfDagon the Devastator (level 14, -7/97 HPs)
             Began as an Octopode Conjurer on July 16, 2017.
             Was the Champion of Nemelex Xobeh.
             Mangled by an entropy weaver (12 damage)
             ... on level 6 of the Lair of Beasts.
             The game lasted 01:31:26 (16522 turns).

4thArraOfDagon the Devastator (Octopode Conjurer)  Turns: 16522, Time: 01:31:27

Health: -7/97      AC:  1    Str:  7    XL:     14   Next: 44%
Magic:  2/26       EV: 22    Int: 23    God:    Nemelex Xobeh [******]
Gold:   2135       SH:  5    Dex: 15    Spells: 1/30 levels left

rFire    . . .     SeeInvis .   d - +10 flail of the Viper {elec, rPois}
rCold    + . .     Gourm    .   G - +0 buckler of Kleptomania {Regen+}
rNeg     . . .     Faith    .   (helmet restricted)
rPois    +         Spirit   .   R - amulet of regeneration
rElec    .         Reflect  .   A - ring of resist corrosion
rCorr    +         Harm     .   x - +3 ring of dexterity
MR       +....                  P - ring of flight
Stlth    ++++......             K - ring of stealth
HPRegen  1.06/turn              J - ring of protection from cold
MPRegen  0.20/turn              Y - ring of poison resistance
                                Z - +3 ring of evasion
                                (no ring)

@: very slightly contaminated
A: almost no armour, stealthy swim, amphibious, 8 rings, constrict 8, tentacle
spike 1, camouflage 1, gelatinous body 1, no potion heal 1
a: Triple Draw, Deal Four, Stack Five, Renounce Religion, Evoke Flight


You were on level 6 of the Lair of Beasts.
You worshipped Nemelex Xobeh.
Nemelex Xobeh was exalted by your worship.
You were hungry.

You visited 3 branches of the dungeon, and saw 23 of its levels.
You also visited: Ossuary.

You collected 2135 gold pieces.

Inventory:

Hand Weapons
 d - the +10 flail of the Viper (weapon) {elec, rPois}
   (You found it on level 4 of the Lair of Beasts)

   Occasionally, upon striking a foe, it will discharge some electrical energy
   and cause terrible harm.
   It protects you from poison.
Missiles
 D - 4 throwing nets (quivered)
Armour
 G - the +0 buckler of Kleptomania (worn) {Regen+}
   (You acquired it on level 11 of the Dungeon)

   It increases your rate of regeneration.
Jewellery
 x - a +3 ring of dexterity (right tentacle)
 A - a ring of resist corrosion (left tentacle)
 J - a ring of protection from cold (on tentacle)
 K - a ring of stealth (on tentacle)
 P - a ring of flight (on tentacle)
 R - an amulet of regeneration (around mantle)
 Y - a ring of poison resistance (on tentacle)
 Z - a +3 ring of evasion (on tentacle)
Wands
 u - a wand of acid (12/15)
 B - a wand of clouds (4/9)
 C - a wand of digging (6/24)
 W - a wand of iceblast (6/15)
Scrolls
 g - 9 scrolls of remove curse
 j - 7 scrolls of magic mapping
 k - 3 scrolls of immolation
 p - 4 scrolls of enchant weapon
 q - 3 scrolls of enchant armour
 s - a scroll of amnesia
 N - 3 scrolls of fear
 O - 6 scrolls of teleportation
Potions
 c - 2 potions of haste
 f - 2 potions of brilliance
 h - 5 potions of curing
 i - a potion of agility
 m - 4 potions of mutation {unknown}
 n - 3 potions of invisibility
 r - 4 potions of ambrosia
 w - a potion of heal wounds {unknown}
 E - 2 potions of flight {unknown}
 Q - 2 potions of lignification
Books
 a - the Reference Book on the Arsonist and Conjuration
   (You found it on level 13 of the Dungeon)

   Spells                             Type                      Level
   a - Flame Tongue                   Conjuration/Fire             1
   b - Sting                          Conjuration/Poison           1
   c - Static Discharge               Conjuration/Air              3
   d - Mephitic Cloud                 Conjuration/Poison/Air       3
   e - Venom Bolt                     Conjuration/Poison           5
   f - Spellforged Servitor           Conjuration/Summoning        7
 T - a book of Power

   Spells                             Type                      Level
   a - Iskenderun's Battlesphere      Conjuration/Charms           5
   b - Venom Bolt                     Conjuration/Poison           5
   c - Bolt of Magma                  Conjuration/Fire/Earth       5
   d - Iron Shot                      Conjuration/Earth            6
   e - Orb of Destruction             Conjuration                  7
   f - Spellforged Servitor           Conjuration/Summoning        7
Miscellaneous
 e - a legendary deck of destruction
 l - a plain deck of destruction {drawn: 1}
 o - an ornate deck of summoning {drawn: 3}
 v - a plain deck of escape
 y - an ornate deck of summoning {drawn: 4}
 z - a legendary deck of destruction {drawn: 2}
 F - a phantom mirror
 H - a plain deck of summoning {drawn: 3}
 I - a box of beasts
 L - an ornate deck of destruction
 M - a legendary deck of destruction
 S - a phial of floods
 U - a plain deck of summoning {drawn: 4}
 V - a plain deck of destruction
Comestibles
 b - 11 bread rations
 t - 7 meat rations


   Skills:
 - Level 9.0 Fighting
 * Level 3.1 Maces & Flails
 - Level 9.0 Dodging
 - Level 2.6 Stealth
 - Level 4.2 Shields
 + Level 8.8 Spellcasting
 - Level 15.1 Conjurations
 * Level 2.8 Ice Magic
 * Level 2.8 Air Magic
 - Level 11.0 Invocations


You had one spell level left.
You knew the following spells:

 Your Spells              Type           Power        Failure   Level  Hunger
a - Freezing Cloud        Conj/Ice/Air   #####.....   50%         6    ######.
b - Iskenderun's Mystic   Conj           ######..     1%          4    ##.....
c - Fulminant Prism       Conj/Hex       #####.....   2%          4    ##.....
d - Mephitic Cloud        Conj/Pois/Air  #####...     1%          3    None
e - Blink                 Tloc           N/A          10%         2    None
f - Orb of Destruction    Conj           ######....   11%         7    #######
g - Regeneration          Chrm/Necr      ##........   19%         3    None


Dungeon Overview and Level Annotations

Branches:
Dungeon (15/15)            Temple (0/1) D:7            Lair (6/6) D:11
  Snake (0/4) Lair:2          Orc (2/2) D:10            Elf (0/3) Orc:2
  Swamp: Lair:2-4    Shoals: Lair:2-4     Slime: Lair:5-6    Vaults: D:13-14
 Depths: D:15

Altars:
Fedhas
Gozag
Nemelex Xobeh
Qazlal
Ru
Trog
Xom
Yredelemnul
The Shining One
Lugonu

Shops:
Orc:2 [(:*

Annotations:
D:9 1 transporter
Lair:3 exclusion: oklob plant, Rupert


Innate Abilities, Weirdness & Mutations

You cannot wear most types of armour.
You are very stealthy in the water. (Stealth+)
You are amphibious.
You can wear up to eight rings at the same time.
You can use your tentacles to constrict eight enemies at once.
Your skin changes colour to match your surroundings (Stealth+).
Your rubbery body absorbs attacks. (AC +1, EV +1)
One of your tentacles bears a spike.
Potions are less effective at restoring your health.


Message History

Aiming: Iskenderun's Mystic Blast
Press: ? - help, Shift-Dir - straight line, f/p - entropy weaver
Aim: an entropy weaver (severely wounded, constricted by you)
The orb of energy hits the entropy weaver.
The entropy weaver is severely wounded.
You constrict the entropy weaver. You block the entropy weaver's attack.
The entropy weaver hits you! The entropy weaver closely misses you.
You block the entropy weaver's attack.
Unknown command.
Unknown command.
You thump the entropy weaver!
The entropy weaver is almost dead.
You constrict the entropy weaver, but do no damage.
The entropy weaver hits you. The entropy weaver hits you!
* * * LOW HITPOINT WARNING * * *
The entropy weaver hits you!
* * * LOW HITPOINT WARNING * * *
The entropy weaver hits you!
You die...
Your body glows with a rainbow of weird colours and disappears.

.........#....#..P# .#
#...#.........#..###
#..<.........#.....#
#.............#...##
###............%†..# #
##.#.##.#.##.#a.## #
##..#########a.# ###. #####a##
## #..##@# ###.....# #......##
#.#..#### ## #### #...# P
..####..# ##..# P
..#P....###..### .###
........##.#...# ###### ...#
.........#.#...####P.#.####..#


You could see an entropy weaver, a soldier ant and a worker ant.

Vanquished Creatures
  Josephine (Lair:4)
  2 hydras
  Fannar (D:11)
  3 two-headed ogres
  An ogre mage (D:13)
  Erica (D:10)
  Nergalle (D:12)
  2 orc high priests
  3 unseen horrors
  2 orc knights
  7 orc sorcerers
  2 manticores
  2 ugly things
  A cyclops (D:12)
  A black mamba (Lair:6)
  Maurice (D:13)
  6 spiny frogs
  A gargoyle (D:11)
  4 komodo dragons
  A kobold demonologist (D:12)
  4 trolls
  A tengu conjurer (D:12)
  3 polar bears (Lair:6)
  6 hornets
  A blink frog (Lair:5)
  7 hippogriffs
  5 spriggans (Lair:6)
  A shadow (D:11)
  3 wyverns
  3 wraiths (Lair:4)
  5 yaks
  3 hungry ghosts
  A golden eye (shapeshifter) (D:13)
  2 basilisks
  2 nagas (Lair:2)
  An acid dragon (D:11)
  11 soldier ants (Lair:6)
  19 wargs
  5 water moccasins
  7 porcupines
  36 orc warriors
  3 eyes of draining
  3 phantoms
  An ice beast (D:15)
  2 sky beasts
  10 ogres
  A black bear (D:10)
  4 centaurs
  17 wolves
  A boggart (Lair:6)
  5 crocodiles
  7 big kobolds
  A gnoll sergeant (D:9)
  13 bullfrogs
  11 scorpions
  6 killer bees
  5 howler monkeys
  An electric eel (Lair:6)
  7 crimson imps
  3 centaur zombies (Ossuary)
  6 hounds
  2 human zombies (Ossuary)
  A jelly (D:12)
  2 bullfrog skeletons
  22 orc wizards
  A centaur skeleton (D:10)
  16 orc priests
  3 iguanas
  7 worker ants
  A big kobold zombie (Ossuary)
  2 mummies (Ossuary)
  A howler monkey zombie (D:8)
  5 gnolls (D:9)
  8 scorpion zombies (Ossuary)
  9 adders
  2 shadow imps
  An adder zombie (D:6)
  An adder skeleton (D:5)
  2 worms
  A dart slug (D:1)
  5 leopard geckos
  96 orcs
  A ball python (D:8)
  9 giant cockroaches
  5 goblins
  6 hobgoblins
  13 jackals
  6 quokkas
  4 bats
  A frilled lizard (D:4)
  4 hobgoblin zombies (Ossuary)
  28 kobolds
  2 kobold zombies (Ossuary)
  2 orc zombies (Ossuary)
  A quokka skeleton (D:6)
  5 rats
  2 rat zombies (D:4)
553 creatures vanquished.

Vanquished Creatures (collateral kills)
  An orc warlord (Orc:2)
  Erolcha (D:11)
  Harold (D:10)
  A two-headed ogre (D:8)
  The ghost of kuniqs the Arsonist, a journeyman DEFE of Vehumet (D:11)
  2 ugly things (D:11)
  A shining eye (Lair:5)
  3 black mambas (Lair:4)
  A gargoyle (D:11)
  A spiny frog (Lair:5)
  A troll (D:10)
  6 yaks
  A warg (D:8)
  4 water moccasins (Lair:4)
  A porcupine (D:11)
  3 ice beasts
  A sky beast (D:11)
  A necrophage (D:8)
  An ogre (D:8)
  A crocodile (D:11)
  A big kobold (D:8)
  2 killer bees (D:8)
  2 centaur skeletons
  A hound (D:11)
  3 orc wizards
  An orc (D:11)
  2 jackals (D:10)
  A fungus (Lair:5)
46 creatures vanquished.

Vanquished Creatures (others)
  The ghost of namelastname112 the Destroyer, a journeyman DrCj of Sif Muna (D:11)
  A porcupine (D:11)
  3 scorpions (Ossuary)
  A mummy (Ossuary)
  An orc (D:3)
  A gnoll zombie (Ossuary)
  A goblin zombie (Ossuary)
  24 fulminant prisms
  55 fungi
  38 plants
126 creatures vanquished.

Grand Total: 725 creatures vanquished

Notes
Turn   | Place    | Note
-------+----------+-------------------------------------------
     0 | D:1      | 4thArraOfDagon the Octopode Conjurer began the quest for the Orb.
     0 | D:1      | Reached XP level 1. HP: 11/11 MP: 3/3
   233 | D:1      | Reached XP level 2. HP: 17/17 MP: 1/5
   357 | D:2      | Found a sparkling altar of Nemelex Xobeh.
   413 | D:2      | Became a worshipper of Nemelex Xobeh the Trickster
   594 | D:3      | Reached XP level 3. HP: 20/21 MP: 3/6
   615 | D:3      | Received a gift from Nemelex Xobeh
   620 | D:3      | Reached skill level 5 in Conjurations
   759 | D:3      | Found a basalt altar of Yredelemnul.
   761 | D:3      | Noticed a profane servitor
   766 | D:3      | Found a glowing golden altar of the Shining One.
   768 | D:3      | Noticed an angel
   844 | D:4      | Found a sand-covered staircase.
   849 | D:4      | Reached XP level 4. HP: 18/27 MP: 4/7
   856 | Ossuary  | Entered an ossuary
   862 | Ossuary  | Learned a level 4 spell: Iskenderun's Mystic Blast
   900 | Ossuary  | Reached skill level 6 in Conjurations
   900 | Ossuary  | Reached XP level 5. HP: 26/31 MP: 0/8
  1335 | Ossuary  | Reached skill level 7 in Conjurations
  1335 | Ossuary  | Reached XP level 6. HP: 16/36 MP: 0/9
  2119 | Ossuary  | Reached XP level 7. HP: 25/41 MP: 2/11
  2217 | Ossuary  | Reached skill level 8 in Conjurations
  2873 | D:4      | Learned a level 4 spell: Fulminant Prism
  2982 | D:3      | Received a gift from Nemelex Xobeh
  3058 | D:3      | Learned a level 3 spell: Mephitic Cloud
  3142 | D:4      | Reached * piety under Nemelex Xobeh
  3226 | D:4      | Reached skill level 9 in Conjurations
  3303 | D:4      | Found a blossoming altar of Fedhas.
  3348 | D:4      | Reached XP level 8. HP: 33/46 MP: 4/12
  3629 | D:4      | Reached skill level 10 in Conjurations
  3737 | D:5      | Entered Level 5 of the Dungeon
  3802 | D:4      | Reached skill level 1 in Invocations
  4158 | D:6      | Reached ** piety under Nemelex Xobeh
  4554 | D:6      | Reached skill level 5 in Invocations
  4756 | D:7      | Found a staircase to the Ecumenical Temple.
  4876 | D:7      | Found a stormy altar of Qazlal.
  5026 | D:7      | Reached XP level 9. HP: 51/51 MP: 3/13
  5081 | D:7      | Received a gift from Nemelex Xobeh
  5172 | D:7      | Reached *** piety under Nemelex Xobeh
  5200 | D:7      | Reached skill level 1 in Fighting
  5312 | D:8      | Noticed a two-headed ogre
  5541 | D:9      | Learned a level 2 spell: Blink
  5550 | D:9      | Received a gift from Nemelex Xobeh
  5697 | D:9      | Found an opulent altar of Gozag.
  5701 | D:9      | Found a bloodstained altar of Trog.
  5702 | D:9      | Found a sacrificial altar of Ru.
  5790 | D:9      | Noticed a cyan ugly thing
  5798 | D:9      | Found a corrupted altar of Lugonu.
  5798 | D:9      | Noticed a cyan ugly thing
  5799 | D:9      | Noticed a purple ugly thing
  5799 | D:9      | Noticed a red ugly thing
  5801 | D:9      | Noticed a brown ugly thing
  5983 | D:9      | Received a gift from Nemelex Xobeh
  6200 | D:8      | Noticed a two-headed ogre
  6207 | D:9      | Found a transporter.
  6259 | D:10     | Entered Level 10 of the Dungeon
  6283 | D:10     | Found a staircase to the Orcish Mines.
  6344 | D:10     | Noticed a troll
  6358 | D:10     | Killed a troll
  6367 | D:10     | Reached **** piety under Nemelex Xobeh
  6394 | D:10     | Reached XP level 10. HP: 42/65 MP: 9/16
  6402 | D:10     | Noticed Harold
  6436 | D:10     | Reached skill level 5 in Dodging
  6675 | D:10     | Killed Harold
  6675 | D:10     | Reached skill level 5 in Fighting
  6701 | D:11     | Noticed a gargoyle
  6721 | D:11     | Noticed namelastname112's ghost (journeyman DrCj)
  6774 | D:10     | Noticed Erica
  6849 | D:10     | Killed Erica
  6877 | D:10     | Received a gift from Nemelex Xobeh
  6964 | D:11     | Noticed a cyan ugly thing
  6972 | D:11     | Killed a cyan ugly thing
  6979 | D:11     | Gained mutation: One of your tentacles bears a spike. [mutagenic meat]
  6980 | D:11     | Gained mutation: Potions are less effective at restoring your health. [mutagenic meat]
  7002 | D:11     | Noticed kuniqs's ghost (journeyman DEFE)
  7181 | D:8      | Killed a two-headed ogre
  7480 | D:8      | Reached skill level 10 in Invocations
  7637 | D:8      | Reached XP level 11. HP: 58/74 MP: 3/18
  8426 | D:8      | Killed a two-headed ogre
  8640 | D:8      | Noticed an orc knight
  8653 | D:8      | Killed an orc knight
  9016 | D:11     | Noticed Erolcha
  9139 | D:11     | Noticed Fannar
  9324 | D:11     | Killed Erolcha
  9435 | D:11     | Killed an unseen horror
  9435 | D:11     | Reached XP level 12. HP: 26/85 MP: 2/20
  9665 | D:11     | Killed Fannar
  9801 | D:11     | Killed namelastname112's ghost
  9816 | D:11     | Reached skill level 11 in Conjurations
  9831 | D:11     | Found a staircase to the Lair.
  9837 | D:11     | Killed kuniqs's ghost
  9903 | D:11     | Received a gift from Nemelex Xobeh
  9926 | D:11     | Identified a scroll of acquirement
  9927 | D:11     | Got a pitted buckler
  9933 | D:11     | Identified the +0 buckler of Kleptomania {Regen+} (You acquired it on level 11 of the Dungeon)
 10125 | D:13     | Reached skill level 1 in Shields
 10279 | D:13     | Noticed Maurice
 10296 | D:13     | Killed Maurice
 10433 | D:13     | Received a gift from Nemelex Xobeh
 10480 | D:13     | Reached skill level 5 in Spellcasting
 10742 | D:12     | Noticed Nergalle
 11302 | D:12     | Killed Nergalle
 11325 | D:12     | Noticed a two-headed ogre
 11370 | D:13     | Received a gift from Nemelex Xobeh
 11375 | D:13     | Reached ***** piety under Nemelex Xobeh
 11463 | D:14     | Learned a level 7 spell: Orb of Destruction
 11500 | D:14     | Noticed a four-headed hydra
 11531 | D:14     | Noticed an eight-headed hydra
 11617 | D:14     | Noticed an ice dragon
 11658 | D:15     | Entered Level 15 of the Dungeon
 11686 | D:15     | Noticed a two-headed ogre
 11686 | D:15     | Noticed a two-headed ogre
 11687 | D:15     | Noticed an ogre mage
 11687 | D:15     | Noticed a two-headed ogre
 11751 | D:15     | Noticed a centaur warrior
 11859 | D:13     | Reached skill level 12 in Conjurations
 11968 | D:13     | Noticed an ogre mage
 12007 | D:13     | Killed an ogre mage
 12029 | D:13     | Identified the Reference Book on the Arsonist and Conjuration
 12162 | D:12     | Received a gift from Nemelex Xobeh
 12207 | D:12     | Killed a two-headed ogre
 12207 | D:12     | Reached XP level 13. HP: 90/90 MP: 2/22
 12422 | Orc:1    | Entered Level 1 of the Orcish Mines
 12446 | Orc:1    | Learned a level 3 spell: Regeneration
 12724 | Orc:2    | Entered Level 2 of the Orcish Mines
 12724 | Orc:2    | Found Acumneah's Antique Armour Shop.
 12974 | Orc:2    | Found a staircase to the Elven Halls.
 13029 | Orc:2    | Found Gedah's Book Boutique.
 13089 | Orc:2    | Reached skill level 13 in Conjurations
 13623 | Orc:2    | Paralysed by an orc sorcerer for 3 turns
 13738 | Orc:2    | Received a gift from Nemelex Xobeh
 13857 | Orc:2    | Found Pyroytot's Antique Weapon Shop.
 14119 | Orc:2    | Noticed an orc warlord
 14157 | Orc:2    | HP: 1/90 [vampire mosquito[the player character] (12)]
 14277 | Orc:2    | Reached skill level 14 in Conjurations
 14293 | Orc:2    | Found Puriuwi's General Store.
 14328 | Orc:2    | Killed an orc warlord
 14409 | Orc:2    | Found a bloodstained altar of Trog.
 14548 | Lair:1   | Entered Level 1 of the Lair of Beasts
 14601 | Lair:1   | Received a gift from Nemelex Xobeh
 14872 | Lair:2   | Found a staircase to the Snake Pit.
 14997 | Lair:1   | Received a gift from Nemelex Xobeh
 15066 | Lair:3   | Noticed Rupert
 15136 | Lair:2   | Received a gift from Nemelex Xobeh
 15254 | Lair:4   | Noticed Josephine
 15272 | Lair:4   | Killed Josephine
 15291 | Lair:4   | Got a sapphire flail
 15292 | Lair:4   | Identified the +10 flail of the Viper {elec, rPois} (You found it on level 4 of the Lair of Beasts)
 15442 | Lair:5   | Reached ****** piety under Nemelex Xobeh
 15451 | Lair:5   | Noticed Snorg
 15465 | Lair:5   | Noticed Snorg
 15465 | Lair:5   | Snorg changed into Snorg the shining eye
 15473 | Lair:5   | Killed Snorg the shining eye
 15507 | Lair:5   | Received a gift from Nemelex Xobeh
 15558 | Lair:5   | Reached XP level 14. HP: 97/97 MP: 23/26
 15723 | Lair:6   | Entered Level 6 of the Lair of Beasts
 15734 | Lair:6   | Reached skill level 15 in Conjurations
 15768 | Lair:5   | Found a shimmering altar of Xom.
 15946 | Lair:5   | Received a gift from Nemelex Xobeh
 15992 | Lair:5   | You fall through a shaft!
 16047 | Lair:6   | Learned a level 6 spell: Freezing Cloud
 16073 | Lair:6   | Reached skill level 1 in Ice Magic
 16073 | Lair:6   | Reached skill level 1 in Air Magic
 16209 | Lair:6   | Reached skill level 1 in Maces & Flails
 16495 | Lair:6   | Noticed an entropy weaver
 16522 | Lair:6   | Mangled by an entropy weaver

Vault maps used:
D:1:      saegor_arrival_simple_e, grunt_decor_cap
D:2:      nemelex_altar_shiori, first_bread
D:3:      grunt_temple_overflow_holy_war
D:4:      lemuel_coloured_pillars_altar, enter_ossuary_4, minivault_26,
          roderic_serpentine_path, kennysheep_potato
D:7:      grunt_qazlal_sundering, minmay_temple_entry_water_ring, basic_altar
D:8:      lemuel_castle_with_subvaults
D:9:      gammafunk_corrupted_shrine, grunt_temple_overflow_diamond
D:10:     orc_0_dummy, uniq_harold, uniq_erica
D:11:     due_lair_maze_entry_diamond, uniq_fannar, uniq_erolcha
D:12:     grunt_tengu_nest, grunt_ministairs_14, minivault_22, uniq_nergalle
D:13:     minmay_librarian, uniq_maurice
D:14:     david_vaults_4, hangedman_abyss_or_decor_stabs
D:15:     grunt_enter_depths_giant_problem, serial_shops, shop_statue,
          serial_glass, glass_columns_b, glass_columns_a, grunt_dithmenos_smoke,
          uniq_sonja
Lair:1:   serial_bayou_shore_b, infiniplex_staircase_pool_2,
          minmay_lair_oklob_chamber
Lair:2:   guppyfry_snake_entry_island
Lair:3:   fungi_pond_lemuel, uniq_rupert
Lair:4:   beast_lair_carwin_large_1, minmay_swamp_entry_reptiles, uniq_josephine
Lair:5:   serial_forest, infiniplex_forest_straight_3, infiniplex_forest_split,
          infiniplex_forest_clump_medium, infiniplex_forest_lined_2,
          infiniplex_forest_clump_small, infiniplex_forest_3_way,
          infiniplex_forest_lined_2, infiniplex_forest_fountain, basic_altar,
          st_stairs_3, uniq_snorg
Lair:6:   minmay_lair_end_enchanted_forest, slime_dummy,
          nicolae_quartered_pool_medium, zaba_antful_of_joy
Orc:2:    grunt_orc_gardens, grunt_orc_garden, grunt_orc_garden,
          grunt_orc_garden, grunt_orc_garden, basic_altar
Ossuary:  ossuary_minmay_scorpions

Skill      XL: |  1  2  3  4  5  6  7  8  9 10 11 12 13 14 |
---------------+-------------------------------------------+-----
Conjurations   | 5 6 7 9 10 12 14 15 | 15.1
Spellcasting   | 3 6 8 |  8.8
Invocations    | 6 8 10 11 | 11.0
Fighting       | 4 6 9 |  9.0
Dodging        | 4 7 9 |  9.0
Shields        | 4 |  4.2
Ice Magic      | 2 |  2.8
Air Magic      | 2 |  2.8
Maces & Flails | 3 |  3.1
Stealth        | |  2.6

Action                   |  1- 3 |  4- 6 |  7- 9 | 10-12 | 13-15 || total
-------------------------+-------+-------+-------+-------+-------++-------
Melee: Short sword       |    29 |    80 |   230 |   561 |   385 ||  1285
       Constrict         |     8 |    18 |    46 |    92 |   127 ||   291
       Tentacles         |     6 |    13 |    40 |    82 |   115 ||   256
       Kick              |       |       |       |   123 |   144 ||   267
       Flail             |       |       |       |       |   161 ||   161
       Staff             |       |       |       |       |     3 ||     3
 Cast: Magic Dart        |    38 |    48 |    32 |    13 |     6 ||   137
       Iskenderun's Myst |       |     9 |    38 |   126 |   106 ||   279
       Fulminant Prism   |       |       |    12 |     5 |     7 ||    24
       Mephitic Cloud    |       |       |     6 |    25 |    21 ||    52
       Orb of Destructio |       |       |       |       |    11 ||    11
Invok: Triple Draw       |       |       |       |     1 |     1 ||     2
Evoke: Deck              |       |     2 |     9 |    32 |    10 ||    53
  Use: Scroll            |     8 |       |     1 |    14 |     7 ||    30
       Potion            |       |     1 |       |     4 |     2 ||     7
 Stab: Sleeping          |     1 |     1 |    11 |     5 |    10 ||    28
       Confused          |       |       |     7 |     8 |    11 ||    26
  Eat: Royal jelly       |       |     1 |     3 |     3 |     1 ||     8
       Meat ration       |       |     1 |       |     1 |       ||     2
       Chunk             |       |       |    16 |    25 |    24 ||    65
       Bread ration      |       |       |     1 |     1 |       ||     2
       Fruit             |       |       |     1 |    14 |     4 ||    19
Armor: Skin              |     3 |       |    13 |    15 |     9 ||    40
Dodge: Dodged            |    10 |    37 |   127 |   472 |   470 ||  1116
Block: Buckler           |       |       |       |    31 |   122 ||   153
